 Dungeon Crawl Stone Soup version 0.18.1-50-g88ac8fd (webtiles) character file.

457 Goblin1989 the Firebug (level 6, -1/41 HPs)
             Began as a Demonspawn Fire Elementalist on Oct 15, 2016.
             Was a Believer of Vehumet.
             Slain by an adder (3 damage)
             ... on level 4 of the Dungeon.
             The game lasted 00:21:05 (4826 turns).

Goblin1989 the Firebug (DsFE)                       Turns: 4826, Time: 00:21:06

Health: -1/41      AC:  3    Str:  8    XL:     6   Next: 77%
Magic:  2/11       EV: 12    Int: 19    God:    Vehumet [**....]
Gold:   175        SH:  0    Dex: 15    Spells: 3 memorised, 3 levels left

rFire  . . .     SeeInvis .     x - -2 quarterstaff (curse)
rCold  . . .     Gourm    .     a - +0 robe
rNeg   . . .     Faith    .     (shield currently unavailable)
rPois  .         Spirit   .     p - +0 helmet
rElec  .         Dismiss  .     (no cloak)
rCorr  .         Reflect  .     (no gloves)
SustAt .         Harm     .     (no boots)
MR     .....                    (no amulet)
Stlth  ++........               (no ring)
                                (no ring)

@: not resistant to hostile enchantments, unstealthy
A: claws 2, thin skeletal structure 1
a: Renounce Religion


You were on level 4 of the Dungeon.
You worshipped Vehumet.
Vehumet was pleased with you.
You were hungry.

You visited 1 branch of the dungeon, and saw 5 of its levels.

You collected 175 gold pieces.

Inventory:

Hand Weapons
 m - the cursed +1 great mace of Pogeam {speed, +Inv, unknown}
   (You found it on level 4 of the Dungeon)

   Attacks with this weapon are significantly faster.
   It lets you turn invisible.
   It has a curse placed upon it.
 x - a cursed -2 quarterstaff (weapon)
Armour
 a - a +0 robe (worn)
 p - a +0 helmet (worn)
Wands
 C - a wand of confusion (48/48)
Scrolls
 f - a scroll of fear {unknown}
 h - a scroll of recharging
 k - a scroll of magic mapping {unknown}
 l - a scroll of immolation {unknown}
 s - a scroll of noise {unknown}
 R - 4 scrolls of identify {@r1}
 T - 2 scrolls of teleportation {!r, @r4}
Potions
 d - a potion of cure mutation
 i - a potion of heal wounds {unknown}
 n - 2 potions of flight
 q - a potion of curing {@q1}
 t - a potion of mutation {unknown}
 w - 3 potions of lignification {unknown}
Books
 b - a book of Flames

   Spells                             Type                      Level
   a - Flame Tongue                   Conjuration/Fire             1
   b - Throw Flame                    Conjuration/Fire             2
   c - Conjure Flame                  Conjuration/Fire             3
   d - Inner Flame                    Hexes/Fire                   3
   e - Sticky Flame                   Conjuration/Fire             4
   f - Fireball                       Conjuration/Fire             5
 e - a book of Summonings

   Spells                             Type                      Level
   a - Recall                         Summoning/Translocation      3
   b - Aura of Abjuration             Summoning                    5
   c - Summon Demon                   Summoning                    5
   d - Summon Forest                  Summoning/Translocation      5
   e - Summon Mana Viper              Hexes/Summoning              5
   f - Shadow Creatures               Summoning                    6
 v - a book of the Warp

   Spells                             Type                      Level
   a - Recall                         Summoning/Translocation      3
   b - Gell's Gravitas                Hexes/Translocation          3
   c - Force Lance                    Conjuration/Translocation    4
   d - Warp Weapon                    Charms/Translocation         5
   e - Summon Forest                  Summoning/Translocation      5
Comestibles
 c - 4 bread rations {@e1}
 g - 4 fruits
 r - a beef jerky
 u - 3 meat rations {@e2}


   Skills:
 - Level 1.7 Dodging
 - Level 1.7 Stealth
 + Level 3.3 Spellcasting
 * Level 4.4 Conjurations
 * Level 5.0 Fire Magic


You had 3 spell levels left.
You knew the following spells:

 Your Spells              Type           Power        Failure   Level  Hunger
a - Flame Tongue          Conj/Fire      ###..        1%          1    None
b - Sticky Flame          Conj/Fire      ###.....     21%         4    ####...
j - Conjure Flame         Conj/Fire      ###.....     8%          3    ###....


Dungeon Overview and Level Annotations

Branches:
Dungeon (5/15)
 Temple: D:4-7

Altars:
Makhleb
Nemelex Xobeh
Sif Muna
Vehumet
Xom
The Shining One

Annotations:
D:4 Shufflesack's ghost, amateur HaAs


Innate Abilities, Weirdness & Mutations

You have very sharp fingernails.
You have a somewhat thin skeletal structure (Dex +2, Stealth).


Message History

The slug dart hits you!
* * * LOW HITPOINT WARNING * * *
Shufflesack's ghost hits you but does no damage.
You take 5 damage, and have 10/41 hp.
The adder skeleton bites you but does no damage.
The adder misses you.
Shufflesack's ghost says very slowly, "There's no hope."
Shufflesack's ghost hits you.
* * * LOW HITPOINT WARNING * * *
The dart slug launches a dart at you. The slug dart misses you.
The slug dart hits Shufflesack's ghost.
The adder skeleton misses you. The adder barely misses you.
The dart slug launches a dart at you. The slug dart hits you!
* * * LOW HITPOINT WARNING * * *
Shufflesack's ghost hits you.
* * * LOW HITPOINT WARNING * * *
You take 8 damage, and have 2/41 hp.
The adder bites you.
You die...

.ਜਜ ਜ..ਜ.ਜਜਜਜ..$. ..
.....ਜਜ.ਜ..ਜਜ≈≈.≈≈ਜ. .ਜ
.......<..ਜw≈≈≈≈≈ਜ≈.ਜ..
ਜਜਜਜਜਜ.ਜਜਜ≈≈≈≈≈≈≈≈≈w≈ਜ.
ਜ. ਜ≈≈≈≈≈≈≈≈ਜ≈≈≈≈.. ਜ.
.≈≈ਜ≈≈≈ਜ≈ਜ≈≈≈≈.ਜ ਜ.
≈≈≈≈≈≈≈≈W≈≈≈≈≈≈ਜ ਜ.
≈ਜ≈≈≈≈S≈Z≈ਜ≈≈≈≈≈ ..
≈≈≈.≈ਜ.@.≈ਜ%8≈ਜ≈ ..
≈≈....%<$.$..≈≈.
≈≈.[.≈..wਜ≈≈.≈≈≈
≈≈ਜ≈≈≈w≈≈≈≈.≈≈≈ਜ
≈≈≈≈≈≈≈≈≈≈≈≈≈≈≈.
.≈≈≈≈≈≈w≈ਜ≈w≈≈..
ਜ≈≈≈≈≈≈≈≈≈≈≈≈≈ਜ.
ਜਜ≈≈≈≈≈≈≈≈ਜ≈≈ਜਜ
ਜਜ.≈≈≈≈≈w≈.ਜਜ


You could see Shufflesack's ghost, an adder, 6 dart slugs and an adder skeleton.

Vanquished Creatures
  A centaur (D:5)
  A crimson imp (D:4)
  A hound (D:4)
  Jessica (D:2)
  2 orc wizards (D:3)
  2 worker ants (D:3)
  A hound skeleton (D:4)
  4 gnolls (D:3)
  2 adders (D:2)
  4 oozes
  An adder skeleton (D:4)
  4 dart slugs
  2 worms
  5 giant geckos
  3 orcs
  9 bats
  3 giant cockroaches (D:3)
  12 goblins
  9 hobgoblins
  3 jackals
  A quokka (D:3)
  A ball python (D:3)
  5 giant newts
  7 kobolds
  6 rats
90 creatures vanquished.

Vanquished Creatures (others)
  A giant cockroach (D:2)
  A hobgoblin (D:2)
2 creatures vanquished.

Grand Total: 92 creatures vanquished

Notes
Turn   | Place    | Note
--------------------------------------------------------------
     0 | D:1      | Goblin1989 the Demonspawn Fire Elementalist began the quest for the Orb.
     0 | D:1      | Reached XP level 1. HP: 13/13 MP: 3/3
   542 | D:1      | Gained mutation: You have sharp fingernails. [demonic ancestry]
   542 | D:1      | Reached XP level 2. HP: 19/19 MP: 1/5
   596 | D:1      | Reached skill level 3 in Fire Magic
  1108 | D:1      | Gained mutation: You have very sharp fingernails. [demonic ancestry]
  1108 | D:1      | Reached XP level 3. HP: 24/24 MP: 3/6
  1636 | D:2      | Learned a level 3 spell: Conjure Flame
  1646 | D:2      | Found a radiant altar of Vehumet.
  1672 | D:2      | Became a worshipper of Vehumet
  1672 | D:2      | HP: 1/24 [something (23)]
  2198 | D:2      | Noticed Jessica
  2217 | D:2      | Killed Jessica
  2217 | D:2      | Gained mutation: You have a somewhat thin skeletal structure (Dex +2, Stealth). [demonic ancestry]
  2217 | D:2      | Reached XP level 4. HP: 24/30 MP: 0/7
  2519 | D:2      | Learned a level 4 spell: Sticky Flame
  2553 | D:2      | Found a sparkling altar of Nemelex Xobeh.
  2945 | D:3      | Found a faded altar to an unknown god.
  3010 | D:3      | Reached XP level 5. HP: 23/35 MP: 0/9
  3037 | D:3      | Reached * piety under Vehumet
  3037 | D:3      | Offered knowledge of Freeze by Vehumet.
  3177 | D:3      | Reached skill level 4 in Fire Magic
  3726 | D:3      | Found a deep blue altar of Sif Muna.
  3828 | D:3      | Reached XP level 6. HP: 41/41 MP: 6/10
  4143 | D:4      | Noticed Shufflesack's ghost (amateur HaAs)
  4254 | D:4      | Got a scorched great mace
  4452 | D:4      | Offered knowledge of Sting by Vehumet.
  4476 | D:4      | Reached ** piety under Vehumet
  4570 | D:4      | Found a burning altar of Makhleb.
  4570 | D:4      | Found a shimmering altar of Xom.
  4768 | D:4      | Found a glowing golden altar of the Shining One.
  4783 | D:5      | Entered Level 5 of the Dungeon
  4786 | D:5      | Reached skill level 5 in Fire Magic
  4825 | D:4      | HP: 2/41 [Shufflesack's ghost (2)]
  4826 | D:4      | Slain by an adder

Skill      XL: |  1  2  3  4  5  6 |
---------------+-------------------+-----
Fire Magic     | 3 4 5 |  5.0
Conjurations   | 2 3 4 |  4.4
Spellcasting   | 3 |  3.3
Dodging        | |  1.7
Stealth        | |  1.7

Action                   |  1- 3 |  4- 6 || total
-------------------------+-------+-------++-------
Melee: Unarmed           |    10 |       ||    10
       Short sword       |     4 |     1 ||     5
       Quarterstaff      |       |    25 ||    25
 Cast: Flame Tongue      |    60 |   139 ||   199
  Use: Scroll            |       |     6 ||     6
 Stab: Invisible         |       |     4 ||     4
  Eat: Chunk             |     2 |     9 ||    11
       Royal jelly       |     1 |       ||     1
Armor: Robe              |     6 |    19 ||    25
Dodge: Dodged            |    25 |    68 ||    93

Vault maps used:
D:1:      evilmike_arrival_fibonacci_small
D:2:      fiery_altar_vehumet, marbit_many_paths, minmay_misc_feat_cross,
          uniq_jessica
D:3:      first_bread, ecumenical_altar_1, hex_large, led_sif_book
D:4:      kennysheep_slugbush, grunt_temple_overflow_champion_of_chaos,
          kennysheep_mini
D:5:      nicolae_ru_path_of_blood, st_stairs_9, uniq_prince_ribbit1
